 Dungeon Crawl Stone Soup version 0.20-a0-1116-gaa52201 (webtiles) character file.

100 Gorice the Skirmisher (level 4, -2/40 HPs)
             Began as a Minotaur Enchanter on May 7, 2017.
             Killed by divine providence
             ... invoked by an orc priest
              (13 damage)
             ... on level 3 of the Dungeon.
             The game lasted 00:05:59 (1633 turns).

Gorice the Skirmisher (Minotaur Enchanter)          Turns: 1633, Time: 00:05:59

Health: -2/40      AC:  2    Str: 14    XL:     4   Next: 46%
Magic:  5/5        EV: 12    Int: 12    God:
Gold:   76         SH:  0    Dex: 10    Spells: 4/5 levels left

rFire    . . .     SeeInvis .   a - +1 dagger
rCold    . . .     Gourm    .   (no shield)
rNeg     . . .     Faith    .   b - +0 robe
rPois    .         Spirit   .   (helmet restricted)
rElec    .         Reflect  .   (no cloak)
rCorr    .         Harm     .   (no gloves)
MR       .....                  (no boots)
Stlth    ++........             k - amulet of regeneration
Regen    0.6/turn               i - +4 ring of slaying
MPRegen  0.1/turn               (no ring)

@: no status effects
A: retaliatory headbutt, horns 2
a: no special abilities


You were on level 3 of the Dungeon.
You were not hungry.

You visited 1 branch of the dungeon, and saw 3 of its levels.

You collected 76 gold pieces.

Inventory:

Hand Weapons
 a - a +1 dagger (weapon)
 o - a +0 short sword
Missiles
 l - 37 bolts
 Z - 27 stones (quivered)
Armour
 b - a +0 robe (worn)
Jewellery
 i - a +4 ring of slaying (left hand)
 k - an amulet of regeneration (around neck)
Wands
 j - a wand of disintegration (4/24)
Potions
 e - 2 potions of cancellation {!q}
 g - 2 potions of curing
 m - a potion of agility {unknown}
 n - a potion of haste {unknown}
Books
 c - a book of Maledictions
Comestibles
 d - 2 bread rations {!e}
 f - a chunk of flesh
 h - 2 meat rations {!e}


   Skills:
 + Level 3.7 Fighting
 + Level 3.1 Short Blades
 - Level 2.1 Dodging
 - Level 2.4 Stealth
 - Level 1.3 Spellcasting
 - Level 2.0 Hexes


You had 4 spell levels left.
You knew the following spells:

 Your Spells              Type           Power        Failure   Level  Hunger
a - Corona                Hex            #......      13%         1    ##.....


Dungeon Overview and Level Annotations

Branches:
Dungeon (3/15)

Altars:
Kikubaaqudgha
Trog

Annotations:
D:2 Terence


Innate Abilities, Weirdness & Mutations

You reflexively headbutt those who attack you in melee.
You have a pair of horns on your head.


Message History

The adder zombie is severely damaged.
The adder zombie misses you.
You hit the adder zombie.
You destroy the adder zombie!
No target in view!
No target in view!
Search for what [Enter for "weap", or ? for help]? armour
Found a stone staircase leading down.
An orc comes into view. It is wielding a falchion.
An orc comes into view. It is wielding a short sword.
The orc shouts!
The orc shouts!
You hear a shout! x2
An orc comes into view. It is wielding a dagger.
You hit the orc. You headbutt the orc, but do no damage.
The orc is heavily wounded.
You closely miss the orc. You headbutt the orc.
You kill the orc!
You barely miss the orc. The orc closely misses you. You furiously retaliate!
You headbutt the orc. You closely miss the orc. You headbutt the orc.
You kill the orc!
An orc priest comes into view.
You barely miss the orc. The orc closely misses you.
You hit the orc. Your headbutt misses the orc.
The orc is heavily wounded.
The orc priest calls upon Beogh to heal the orc.
The orc's wounds heal themselves!
The orc closely misses you.
You closely miss the orc. The orc hits you with a short sword.
An orc priest comes into view. It is wielding a hand axe.
Damage: 3 (max 3)
You closely miss the orc. Your headbutt misses the orc.
The orc hits you with a short sword.
Damage: 2 (max 3)
You hit the orc.
The orc is heavily wounded.
The orc completely misses you.
The orc priest calls down the wrath of Beogh upon you.
Beogh smites you!
* * * LOW HITPOINT WARNING * * *
Damage: 16 (max 16)
The orc priest invokes the aid of Beogh against you.
Beogh smites you!
* * * LOW HITPOINT WARNING * * *
The orc priest looks satisfied for a moment.
Damage: 15 (max 16) Unknown command.
It was a potion of curing.
You feel better. The orc barely misses you.
The orc priest invokes the aid of Beogh against you.
Beogh smites you!
You die...

#### #o. #o#
#.# #o# #@#
#######.####
...........#
#######.##.#
#.##.#
####.##.#
#.....#.#
#.##.##.#
..#.#...#.#


You could see 2 orc priests and an orc.

Vanquished Creatures
  3 adders (D:2)
  An adder zombie (D:3)
  4 dart slugs
  3 leopard geckos
  2 orcs (D:3)
  5 bats
  4 giant cockroaches
  6 goblins
  5 hobgoblins
  4 jackals (D:2)
  2 quokkas (D:2)
  2 ball pythons
  2 frilled lizards (D:1)
  4 kobolds
  7 rats
54 creatures vanquished.

Notes
Turn   | Place    | Note
-------+----------+-------------------------------------------
     0 | D:1      | Gorice the Minotaur Enchanter began the quest for the Orb.
     0 | D:1      | Reached XP level 1. HP: 14/14 MP: 1/1
     2 | D:1      | Noticed a dwarf
     2 | D:1      | Noticed a human
     4 | D:1      | Noticed a merfolk
     4 | D:1      | Noticed a troll
     6 | D:1      | Noticed a minotaur
     6 | D:1      | Noticed a gargoyle
     8 | D:1      | Noticed an ogre
     8 | D:1      | Noticed an octopode
    10 | D:1      | Noticed a felid
    10 | D:1      | Noticed a tengu
    12 | D:1      | Noticed an elf
    12 | D:1      | Noticed a naga
    14 | D:1      | Noticed a demonspawn
    14 | D:1      | Noticed a vine stalker
    16 | D:1      | Noticed a centaur
    18 | D:1      | Noticed a formicid
    20 | D:1      | Noticed a spriggan
    22 | D:1      | Noticed a halfling
    22 | D:1      | Noticed a ghoul
    24 | D:1      | Noticed a demigod
    24 | D:1      | Noticed a vampire
    26 | D:1      | Noticed a draconian
    82 | D:1      | Reached skill level 1 in Fighting
   292 | D:1      | Reached XP level 2. HP: 23/23 MP: 3/3
   497 | D:1      | Reached skill level 2 in Fighting
   714 | D:2      | Reached skill level 2 in Short Blades
   731 | D:2      | Reached XP level 3. HP: 28/30 MP: 4/4
   859 | D:2      | Reached skill level 3 in Fighting
  1103 | D:2      | Found a bloodstained altar of Trog.
  1255 | D:2      | Noticed Terence
  1355 | D:2      | Reached XP level 4. HP: 38/38 MP: 5/5
  1405 | D:2      | Found an ancient bone altar of Kikubaaqudgha.
  1447 | D:2      | Reached skill level 3 in Short Blades
  1632 | D:3      | HP: 5/40 [orc priest/divine providence (15)]
  1633 | D:3      | Killed from afar by an orc priest

Vault maps used:
D:1:      kb_arrival_jail
D:2:      marbit_many_paths, lightli_temple_of_fire, first_bread,
          kennysheep_generic_room_13, uniq_terence
D:3:      cheibrodos_helix_gallery, overflow_temple_1_default, serial_undead,
          serial_undead_c, serial_undead_e, serial_undead_c, serial_undead_c,
          minmay_door_square, nicolae_tso_swordbearing_angel, uniq_robin

Skill      XL: |  1  2  3  4 |
---------------+-------------+-----
Fighting       | 1 2 3 |  3.7
Short Blades   | 2 3 |  3.1
Dodging        | |  2.1
Stealth        | |  2.4
Spellcasting   | |  1.3
Hexes          | |  2.0

Action                   |  1- 3 |  4- 6 || total
-------------------------+-------+-------++-------
Melee: Dagger            |    99 |    38 ||   137
       Headbutt          |     8 |     5 ||    13
Throw: Stone             |     3 |       ||     3
  Use: Scroll            |     3 |       ||     3
       Potion            |       |     1 ||     1
 Stab: Sleeping          |     6 |     2 ||     8
  Eat: Chunk             |     1 |     1 ||     2
Armor: Robe              |    15 |     5 ||    20
Dodge: Dodged            |    60 |    18 ||    78

Table legend:
 A = Turns spent in this place as a percentage of turns spent in the entire game.
 B = Non-inter-level travel turns spent in this place as a percentage of non-inter-level travel turns spent in the entire game.
 C = Inter-level travel turns spent in this place as a percentage of turns spent in this place.
 D = Turns resting spent in this place as a percentage of non-inter-level travel turns spent in this place.
 E = Turns spent auto-exploring this place as a percentage of non-inter-level travel turns spent in this place.
 F = Non-inter-level travel turns spent in this place divided by the number of levels of this place that you've seen.
                   A       B       C       D       E      F
               +-------+-------+-------+-------+-------+----------------------
         Total | 100.0 | 100.0 |   0.3 |   1.5 |   6.7 | 222.3
       Dungeon | 100.0 | 100.0 |   0.3 |   1.5 |   6.7 | 222.3
               +-------+-------+-------+-------+-------+----------------------

Vault maps used:
D:1:      kb_arrival_jail
D:2:      marbit_many_paths, lightli_temple_of_fire, first_bread,
          kennysheep_generic_room_13, uniq_terence
D:3:      cheibrodos_helix_gallery, overflow_temple_1_default, serial_undead,
          serial_undead_c, serial_undead_e, serial_undead_c, serial_undead_c,
          minmay_door_square, nicolae_tso_swordbearing_angel, uniq_robin
